 Dungeon Crawl Stone Soup version 0.28-a0-769-g550dbda0cd (webtiles) character file.

Game seed: 17037305434986901854

11379 timneilson the Blocker (level 11, -21/67 HPs)
             Began as a Gargoyle Fighter on Oct 31, 2021.
             Was a High Priest of Okawaru.
             Demolished by a large slime creature (28 damage)
             ... on level 11 of the Dungeon.
             The game lasted 00:21:04 (9804 turns).

timneilson the Blocker (Gargoyle Fighter)           Turns: 9804, Time: 00:21:05

Health: -21/67     AC: 30    Str: 29    XL:     11   Next: 76%
Magic:  4/14       EV: 11    Int:  9    God:    Okawaru [*****.]
Gold:   558        SH: 17    Dex:  9    Spells: 10/10 levels left

rFire   . . .      SeeInvis +   d - +2 long sword (vamp)
rCold   . . .      Faith    .   G - +0 kite shield
rNeg    + . .      Spirit   .   H - +0 plate armour
rPois   ∞          Reflect  +   B - +1 helmet
rElec   +          Harm     .   b - +1 cloak
rCorr   .          Rampage  .   (no gloves)
Will    .....                   (no boots)
Stlth   ..........              e - amulet of reflection
HPRegen 0.21/turn               i - ring of see invisible
MPRegen 0.14/turn               u - +6 ring of strength

@: heroic, finesse-ful
A: sickness immunity, AC +8, negative energy resistance 1, electricity
resistance, torment resistance 1, petrification resistance
a: Renounce Religion, Heroism, Finesse, Duel


You were on level 11 of the Dungeon.
You worshipped Okawaru.
Okawaru was extremely pleased with you.
You visited 2 branches of the dungeon, and saw 12 of its levels.

You collected 558 gold pieces.

Inventory:

Hand Weapons
 a - a +0 long sword of protection
 c - a +0 scimitar
 d - a +2 vampiric long sword (weapon)
Armour
 b - a +1 cloak (worn)
 f - a +0 tower shield
 B - a +1 helmet (worn)
 G - a +0 kite shield (worn)
 H - a +0 plate armour (worn)
Jewellery
 e - an amulet of reflection (around neck)
 i - a ring of see invisible (left hand)
 j - a +4 ring of protection
 k - an amulet of regeneration
 l - a ring of fire
 u - a +6 ring of strength (right hand)
 x - a ring of resist corrosion
 D - a ring of protection from cold
Wands
 o - a wand of digging (4)
 p - a wand of flame (22)
 y - a wand of paralysis (13)
Scrolls
 r - 2 scrolls of teleportation
 A - a scroll of fog
 F - a scroll of amnesia
Potions
 g - a potion of mutation
 h - 2 potions of brilliance
 m - a potion of flight {unknown}
 n - a potion of cancellation
 q - 3 potions of curing
 s - a potion of ambrosia
 v - 2 potions of attraction
 w - 2 potions of lignification
 z - a potion of might
 C - a potion of berserk rage
Miscellaneous
 E - a lightning rod (4/4)


   Skills:
 + Level 7.4(12.4) Fighting
 * Level 8.0(13.0) Long Blades
 * Level 9.9(14.9) Armour
 + Level 4.8(9.8) Dodging
 * Level 10.0(15.0) Shields
 + Level 4.9 Invocations
 + Level 4.4 Evocations


You had 10 spell levels left.
You didn't know any spells.
Your spell library contained the following spells:

 Spells                   Type           Power      Damage    Failure   Level
 Pain                     Necr           0%         1d4       93%         1
 Wereblood                Tmut           0%         N/A       98%         2
 Gell's Gravitas          Tloc           0%         N/A       100%        3
 Lesser Beckoning         Tloc           0%         N/A       100%        3
 Portal Projectile        Hex/Tloc       0%         N/A       100%        3
 Teleport Other           Tloc           0%         N/A       100%        3
 Leda's Liquefaction      Hex/Erth       0%         N/A       100%        4
 Petrify                  Tmut/Erth      0%         N/A       100%        4
 Agony                    Necr           0%         N/A       100%        5
 Excruciating Wounds      Necr           0%         N/A       100%        5
 Metabolic Englaciation   Hex/Ice        0%         N/A       100%        5
 Sublimation of Blood     Necr           Unusable   N/A       N/A         2
 Call Canine Familiar     Summ           Unusable   N/A       N/A         3
 Statue Form              Tmut/Erth      Unusable   N/A       N/A         6
 Summon Hydra             Summ           Unusable   N/A       N/A         7

Dungeon Overview and Level Annotations

Branches:
Dungeon (11/15)            Temple (1/1) D:5            Lair (0/6) D:8
    Orc: D:9-12

Altars:
Ashenzari
Cheibriados
Dithmenos
Elyvilon
Fedhas
Gozag
Hepliaklqana
Kikubaaqudgha
Makhleb
Nemelex Xobeh
Okawaru
Qazlal
Ru
Sif Muna
Trog
Uskayaw
Vehumet
Wu Jian
Xom
Yredelemnul
Zin
The Shining One

Shops:
D:1 =   D:9 !   D:10 (


Innate Abilities, Weirdness & Mutations

You are immune to sickness and miasma.
Your stone body is resilient. (AC +8)
You are immune to poison.
You resist negative energy. (rN+)
You are resistant to electric shocks. (rElec)
You are resistant to unholy torment.
You are immune to petrification.


Message History

You block the large slime creature's attack.
The orc wizard hits you but does no damage.
The slime creature completely misses you.
The slime creature closely misses you.
The large slime creature barely misses you.
You slash the slime creature!
The slime creature is severely wounded.
You block the large slime creature's attack.
You hit the slime creature but do no damage.
The slime creature is severely wounded.
The slime creature hits you but does no damage.
You block the slime creature's attack.
The large slime creature hits you but does no damage.
Unknown command.
You barely miss the slime creature.
The slime creature is severely wounded.
The large slime creature hits you but does no damage.
Unknown command.
You slash the slime creature!
The slime creature is almost dead.
You block the slime creature's attack. The slime creature hits you.
The large slime creature hits you!
Unknown command.
You slash the slime creature!
You feel better.
You kill the slime creature!
Okawaru accepts your kill.
A large slime creature splits.
Unknown command.
You gain the combat prowess of a mighty hero.
Your hands slow down.
The slime creature hits you!
* * * LOW HITPOINT WARNING * * *
The large slime creature hits you.
* * * LOW HITPOINT WARNING * * *
The orc warrior closely misses you. You block the slime creature's attack.
The slime creature hits you!
* * * LOW HITPOINT WARNING * * *
You can now deal lightning-fast blows.
You block the slime creature's attack. The large slime creature hits you!!
You die...

#................ .....)
#.........)#...# #....
##.............##...
#..............#..# ... #.
#......).........### ...
.. #..............#...##
... ##
#........o.$....###..##.#
.. ........oJJ.....#
##....## #
.#......)@Jo....####......
.........oJo..............
############)###.###))....
# ##. #..##### #...... #
#.J. ##o.# #..#### #Oo#
#.#o# #..# .# #o..# #..#
## #...oo#.# #..#
##......# ...#


You could see a large slime creature, 3 slime creatures, an orc warrior, an orc
wizard (invisible) and 3 orcs.

Vanquished Creatures
  3 two-headed ogres
  Pikel (D:5)
  A manticore (D:9)
  Joseph (D:8)
  A kobold demonologist (D:10)
  A troll (D:8)
  A slime creature (D:11)
  2 wyverns
  A shadow (D:9)
  A wraith (D:10)
  14 yaks (D:9)
  Menkaure (D:5)
  Eustachio (D:4)
  Edmund (D:4)
  An acid dragon (D:11)
  Duvessa (D:5)
  3 orc warriors
  3 sky beasts
  An ice beast (D:5)
  2 necrophages
  4 centaurs
  An ogre (D:4)
  3 wolves
  Blork the orc (D:4)
  A kobold brigand (D:10)
  3 bullfrogs
  3 scorpions
  A water moccasin zombie (D:5)
  Dowan (D:5)
  A water moccasin skeleton (D:6)
  A wyvern skeleton (D:6)
  9 wights (D:9)
  8 howler monkeys
  3 electric eels (D:8)
  4 centaur zombies
  3 bullfrog skeletons
  A centaur skeleton (D:6)
  3 hounds (D:8)
  A jelly (D:4)
  3 orc priests
  Ijyb (D:4)
  2 iguanas
  9 orc wizards
  A hound skeleton (D:5)
  5 gnolls
  4 adders
  2 shadow imps
  3 white imps
  2 ufetubi (D:6)
  2 adder skeletons (D:4)
  4 worms
  3 dart slugs
  36 orcs
  8 endoplasms
  2 giant cockroaches (D:1)
  5 goblins
  5 hobgoblins
  4 jackals (D:2)
  11 kobolds
  10 quokkas
  3 ball pythons
  3 frilled lizards
  6 rats
227 creatures vanquished.

Vanquished Creatures (others)
  An unseen horror (D:11)
  2 orc wizards
3 creatures vanquished.

Grand Total: 230 creatures vanquished

Notes
Turn   | Place    | Note
-------+----------+-------------------------------------------
     0 | D:1      | timneilson the Gargoyle Fighter began the quest for the
                  | Orb.
     0 | D:1      | Reached XP level 1. HP: 14/14 MP: 1/1
   215 | D:1      | Reached XP level 2. HP: 19/19 MP: 2/2
   356 | D:1      | Found Zemmoucs's Jewellery Shop.
   473 | D:1      | Reached XP level 3. HP: 21/23 MP: 3/3
  1092 | D:2      | Found a shimmering altar of Xom.
  1514 | D:2      | Reached XP level 4. HP: 26/28 MP: 4/4
  1514 | D:2      | Found a faded altar of an unknown god.
  1743 | D:2      | Reached skill level 4 in Shields
  1945 | D:3      | Found an ornate altar of the Wu Jian Council.
  2342 | D:4      | Reached skill level 1 in Dodging
  2369 | D:4      | Noticed Ijyb
  2370 | D:4      | Noticed Eustachio
  2382 | D:4      | Killed Ijyb
  2383 | D:4      | Reached XP level 5. HP: 33/33 MP: 5/5
  2572 | D:4      | Noticed an ogre
  2581 | D:4      | Killed an ogre
  2582 | D:4      | Reached XP level 6. HP: 38/38 MP: 6/6
  2606 | D:4      | Noticed Blork the orc
  2618 | D:4      | Killed Blork the orc
  2924 | D:4      | Identified the +1 whip "Gargoyle's Regret" {vorpal, rC+}
  2947 | D:4      | Noticed Edmund
  2971 | D:4      | Killed Edmund
  2972 | D:4      | Reached skill level 5 in Armour
  2972 | D:4      | Reached skill level 5 in Shields
  2972 | D:4      | Reached XP level 7. HP: 24/43 MP: 7/7
  3145 | D:4      | Killed Eustachio
  3678 | D:5      | Entered Level 5 of the Dungeon
  3750 | D:5      | Noticed Duvessa
  3750 | D:5      | Noticed Dowan
  3767 | D:5      | Killed Duvessa
  3772 | D:5      | Killed Dowan
  3773 | D:5      | Reached XP level 8. HP: 48/48 MP: 8/8
  3803 | D:5      | Reached skill level 6 in Shields
  4032 | D:5      | Found a staircase to the Ecumenical Temple.
  4032 | D:5      | Noticed Pikel
  4046 | D:5      | Killed Pikel
  4047 | D:5      | Reached skill level 5 in Fighting
  4047 | D:5      | Reached skill level 1 in Evocations
  4055 | Temple   | Entered the Ecumenical Temple
  4172 | Temple   | Became a worshipper of Warmaster Okawaru
  4232 | D:5      | Reached skill level 5 in Long Blades
  4234 | D:5      | Noticed Menkaure
  4240 | D:5      | Killed Menkaure
  4241 | D:5      | Reached XP level 9. HP: 44/54 MP: 9/9
  4338 | D:5      | Reached skill level 1 in Invocations
  4417 | D:5      | Reached * piety under Okawaru
  4418 | D:5      | Reached skill level 7 in Shields
  5573 | D:7      | Reached ** piety under Okawaru
  5840 | D:6      | Reached skill level 8 in Shields
  5840 | D:6      | Reached XP level 10. HP: 53/60 MP: 11/11
  6716 | D:8      | Found a staircase to the Lair.
  6936 | D:8      | Reached *** piety under Okawaru
  7041 | D:8      | Found an ancient bone altar of Kikubaaqudgha.
  7287 | D:8      | Noticed Joseph
  7309 | D:8      | Killed Joseph
  7710 | D:9      | Reached **** piety under Okawaru
  7805 | D:9      | Reached skill level 9 in Shields
  7827 | D:9      | Reached XP level 11. HP: 59/66 MP: 12/14
  7869 | D:9      | Noticed a manticore
  7880 | D:9      | Killed a manticore
  7880 | D:9      | Reached ***** piety under Okawaru
  8134 | D:9      | Found Nehy's Distillery.
  8210 | D:9      | Noticed a two-headed ogre
  8224 | D:9      | Killed a two-headed ogre
  8526 | D:9      | Noticed a two-headed ogre
  8538 | D:9      | Killed a two-headed ogre
  8733 | D:9      | Found a stormy altar of Qazlal.
  8733 | D:9      | Found a shimmering blue altar of Sif Muna.
  8733 | D:9      | Found a blossoming altar of Fedhas.
  8733 | D:9      | Found a burning altar of Makhleb.
  8734 | D:9      | Found a white marble altar of Elyvilon.
  8734 | D:9      | Found a radiant altar of Vehumet.
  8736 | D:9      | Found a hide-covered altar of Uskayaw.
  8738 | D:9      | Found a sparkling altar of Nemelex Xobeh.
  8840 | D:10     | Entered Level 10 of the Dungeon
  8942 | D:10     | Found Tett's Weapon Shoppe.
  9014 | D:10     | Noticed a two-headed ogre
  9023 | D:10     | Killed a two-headed ogre
  9023 | D:10     | Received a gift from Okawaru
  9145 | D:10     | Found a broken altar of Ashenzari.
  9738 | D:11     | Reached skill level 10 in Shields
  9804 | D:11     | Demolished by a large slime creature

Illustrated notes

Levels and vault maps discovered:
D:1:      wheals_arrival_linesprint, layout_loops_ring, serial_shops, shop
D:2:      layout_basic, hellmonk_ecumenical_altar_prayer_group, basic_altar,
          minmay_tetromino_t4
D:3:      layout_rooms, lemuel_coloured_pillars_altar
D:4:      layout_loops_cross, uniq_edmund, uniq_eustachio, uniq_blork_the_orc,
          uniq_ijyb
D:5:      layout_basic, minmay_temple_entry_trees, feat_on_display,
          uniq_duvessa, uniq_menkaure, uniq_pikel
D:6:      layout_loops_ring, kennysheep_generic_room_9
D:7:      layout_layer_cave
D:8:      layout_basic, kennysheep_mini, erik_lair_island, uniq_joseph
D:9:      layout_loops_corners, minitemple, serial_shops, kennysheep_little_box
D:10:     layout_roguey, nicolae_ashenzari_skybound, serial_shops, shop
D:11:     layout_rooms, erik_orc_3, dk_vineyard_2
Temple:   jpeg_temple_clearing

Skill      XL: |  1  2  3  4  5  6  7  8  9 10 11 |
---------------+----------------------------------+-----
Long Blades    | 2 3 4 5 6 7 8 |  8.0
Shields        | 4 5 6 8 9 10 | 10.0
Armour         | 4 5 6 7 9 |  9.9
Dodging        | 1 2 3 4 |  4.8
Fighting       | 4 5 6 7 |  7.4
Evocations     | 1 2 3 4 |  4.4
Invocations    | 2 4 |  4.9

Action                   |  1- 3 |  4- 6 |  7- 9 | 10-12 || total
-------------------------+-------+-------+-------+-------++-------
Melee: Long sword        |   109 |   104 |   441 |   561 ||  1215
       Unarmed           |       |    27 |       |       ||    27
Invok: Heroism           |       |       |       |     6 ||     6
       Finesse           |       |       |       |     2 ||     2
  Use: Scroll            |     3 |     5 |    11 |     5 ||    24
       Potion            |       |     1 |       |     2 ||     3
Armor: Scale mail        |    40 |    31 |     2 |       ||    73
       Skin              |       |    13 |       |       ||    13
       Chain mail        |       |       |   338 |   127 ||   465
       Plate armour      |       |       |       |   128 ||   128
Dodge: Dodged            |    45 |    92 |   177 |   169 ||   483
Block: Buckler           |    32 |    62 |   263 |   138 ||   495
       Other             |       |    15 |       |       ||    15
       Reflection        |       |     3 |     5 |     7 ||    15
       Kite shield       |       |       |       |   213 ||   213

Table legend: (Time is in decaauts)
 A = Elapsed time spent in this place.
 B = Non-inter-level travel time spent in this place.
 C = Inter-level travel time spent in this place.
 D = Time resting spent in this place.
 E = Time spent auto-exploring this place.
 F = Levels seen in this place.
 G = Mean time per level.
                   A        B        C        D        E       F      G
               +--------+--------+--------+--------+--------+-----+--------+
         Total |   9940 |   9600 |    340 |    373 |   6470 |  12 |  828.3 |
       Dungeon |   9807 |   9509 |    298 |    373 |   6392 |  11 |  891.5 |
        Temple |    133 |     91 |     42 |      0 |     78 |   1 |  133.0 |
               +--------+--------+--------+--------+--------+-----+--------+

Top non-repeatable levels by time:
     D:4: 1311 daAuts
     D:9: 1191 daAuts
     D:5: 1107 daAuts
     D:1: 1103 daAuts
     D:8: 1064 daAuts
     D:7: 956 daAuts
    D:10: 826 daAuts
     D:2: 800 daAuts
     D:6: 784 daAuts
     D:3: 527 daAuts
  Temple: 133 daAuts
    D:11: 131 daAuts
